 Dungeon Sprint DCSS version 0.21.1-1-g345015f (webtiles) character file.

14637 Psiloshibe the Fencer (level 12, 0/171 HPs)
             Began as a Barachi Berserker on June 10, 2018.
             Was the Champion of Trog.
             Slain by an iron troll (8 damage)
             ... in the Dungeon (Sprint IX: "|||||||||||||||||||||||||||||").
             The game lasted 00:08:57 (1594 turns).

Psiloshibe the Fencer (Barachi Berserker)           Turns: 1594, Time: 00:08:58

Health: 0/171      AC: 15    Str: 27    XL:     12   Next: 18%
Magic:  14/14      EV: 19    Int:  8    God:    Trog [******]
Gold:   1363       SH:  0    Dex: 13    Spells: 11/11 levels left

rFire    . . .     SeeInvis .   a - +2 scimitar (flame)
rCold    . . .     Gourm    .   (no shield)
rNeg     . . .     Faith    .   r - +1 scale mail
rPois    .         Spirit   .   C - +0 helmet
rElec    .         Reflect  .   D - +0 cloak
rCorr    .         Harm     .   E - +0 pair of gloves
MR       ++...     NoTele   +   (no boots)
Stlth    ..........             (no amulet)
HPRegen  1.38/turn              s - +2 ring of evasion
MPRegen  0.14/turn              (no ring)

@: berserking (expiring), regenerating, very quick
A: +LOS, swims, slowness 1, strong legs 1
a: Hop, Berserk, Trog's Hand, Brothers in Arms, Burn Spellbooks, Renounce
Religion


You were in the Dungeon.
You worshipped Trog.
Trog was exalted by your worship.
You were near starving.

You visited 1 branch You collected 1363 gold pieces.

Inventory:

Hand Weapons
 a - a +2 scimitar of flaming (weapon)
 b - a +2 morningstar of protection
 j - a +6 antimagic long sword
 z - a +3 falchion of holy wrath
 G - a +3 great sword of draining
Missiles
 n - 6 exploding tomahawks (quivered)
 o - 4 javelins of returning
 A - 5 poisoned tomahawks
 B - 12 poisoned javelins
 H - 12 tomahawks of returning
 I - 2 steel javelins
Armour
 q - a +0 pair of gloves
 r - a +1 scale mail (worn)
 C - a +0 helmet (worn)
 D - a +0 cloak (worn)
 E - a +0 pair of gloves (worn)
Jewellery
 s - a +2 ring of evasion (left hand)
Wands
 m - a wand of iceblast (10)
Scrolls
 i - 2 scrolls of blinking
 l - 3 scrolls of remove curse
 v - 3 scrolls of identify
 w - 2 scrolls of enchant weapon
 x - 2 scrolls of fog
 y - 2 scrolls of enchant armour
Potions
 d - 5 potions of curing
 e - 5 potions of heal wounds
 f - a potion of haste
 g - 4 potions of magic
 h - a potion of berserk rage
 k - a potion of invisibility
 p - a potion of brilliance
 t - a potion of agility
Miscellaneous
 u - a sack of spiders
Comestibles
 c - 12 rations
 F - 3 chunks of flesh


   Skills:
 + Level 17.3 Fighting
 + Level 18.9 Long Blades
 * Level 13.3 Throwing
 + Level 13.7 Armour
 + Level 11.1 Dodging
 + Level 2.3 Stealth
 + Level 3.1 Evocations


You had 11 spell levels left.
You didn't know any spells.

Dungeon Overview and Level Annotations

Branches:
Dungeon (1/1)

Altars:
Cheibriados
Dithmenos
Elyvilon
Fedhas
Gozag
Hepliaklqana
Kikubaaqudgha
Makhleb
Nemelex Xobeh
Okawaru
Qazlal
Ru
Sif Muna
Trog
Uskayaw
Vehumet
Wu Jian
Xom
Yredelemnul
Zin
The Shining One
Beogh
Jiyva
Lugonu

Shops:
D **!:


Innate Abilities, Weirdness & Mutations

Shadows flee at your approach. (+LOS)
You can swim through water.
You cover ground slowly.
You can hop short distances.


Message History

The iron troll claws you but does no damage. x2
You barely miss the iron troll.
The iron troll is lightly wounded.
You hit the iron troll but do no damage.
The iron troll is lightly wounded.
You barely miss the iron troll.
The iron troll is lightly wounded.
The iron troll barely misses you. The iron troll claws you!!
* * * LOW HITPOINT WARNING * * *
The iron troll misses you.
You hit the iron troll.
The iron troll is lightly wounded.
Your scale mail prevents you from hitting the iron troll.
The iron troll is lightly wounded.
You barely miss the iron troll.
The iron troll is lightly wounded.
The iron troll bites you!!
* * * LOW HITPOINT WARNING * * *
The iron troll claws you!
You die...

▓▓▓▓▓▓▓▓▓▓▓▓▓▓▓▓▓▓▓▓▓▓▓▓▓
$$..∩$∩T@[∩[($[[[(.....))
▓▓▓▓▓▓▓▓▓▓▓▓▓▓▓▓▓▓▓▓▓▓▓▓▓▓▓▓▓▓▓▓▓
.................................
▓▓▓▓▓▓▓▓▓▓▓▓▓▓▓▓▓▓▓▓▓▓▓▓▓▓▓▓▓▓▓▓▓
.'..[.....'............'.........
▓▓▓▓▓▓▓▓▓▓▓▓▓▓▓▓▓▓▓▓▓▓▓▓▓▓▓▓▓▓▓▓▓
.................................
▓▓▓▓▓▓▓▓▓▓▓▓▓▓▓▓▓▓▓▓▓▓▓▓▓▓▓▓▓▓▓▓▓
....))'....).'[..[.(|?.'_________


You could see an iron troll.

Vanquished Creatures
  3 dire elephants (D)
  2 ogre magi (D)
  A hydra (D)
  A two-headed ogre (D)
  A death yak (D)
  An orc high priest (D)
  An iron troll (D)
  A deep troll (D)
  An orc knight (D)
  3 elephants (D)
  A spiny frog (D)
  A rime drake (D)
  A komodo dragon (D)
  3 trolls (D)
  A yak (D)
  3 basilisks (D)
  2 water moccasins (D)
  A porcupine (D)
  10 orc warriors (D)
  A sky beast (D)
  An ogre (D)
  A wolf (D)
  A centaur (D)
  A crocodile (D)
  3 bullfrogs (D)
  A scorpion (D)
  2 crimson imps (D)
  2 orc priests (D)
  2 hounds (D)
  5 orc wizards (D)
  2 worker ants (D)
  An adder skeleton (D)
  A leopard gecko (D)
  7 orcs (D)
  A bat (D)
  A bat skeleton (D)
  A bat zombie (D)
  A giant cockroach (D)
  A jackal zombie (D)
  2 rats (D)
76 creatures vanquished.

Vanquished Creatures (collateral kills)
  An iron troll (D)
  A deep troll (D)
  2 elephants (D)
  A spiny frog (D)
  3 trolls (D)
  A porcupine (D)
9 creatures vanquished.

Grand Total: 85 creatures vanquished

Notes
Turn   | Place    | Note
-------+----------+-------------------------------------------
     0 | D        | Psiloshibe the Barachi Berserker began the quest for the Orb.
     0 | D        | Reached XP level 1. HP: 18/18 MP: 1/1
     6 | D        | Reached skill level 4 in Long Blades
    12 | D        | Reached ** piety under Trog
    23 | D        | Noticed a crimson imp
    23 | D        | Noticed an ogre
    23 | D        | Noticed a scorpion
    23 | D        | Noticed a hound
    26 | D        | Killed a hound
    26 | D        | Reached skill level 5 in Fighting
    26 | D        | Reached skill level 5 in Long Blades
    26 | D        | Reached XP level 2. HP: 13/27 MP: 2/2
    26 | D        | Reached XP level 3. HP: 16/33 MP: 3/3
    29 | D        | Killed a scorpion
    29 | D        | Reached *** piety under Trog
    29 | D        | Reached skill level 7 in Long Blades
    29 | D        | Reached XP level 4. HP: 23/41 MP: 4/4
    34 | D        | Killed an ogre
    34 | D        | Reached skill level 8 in Long Blades
    34 | D        | Reached XP level 5. HP: 33/49 MP: 5/5
    67 | D        | Reached skill level 9 in Long Blades
    81 | D        | Found a roughly hewn altar of Beogh.
    81 | D        | Found a snail-covered altar of Cheibriados.
    81 | D        | Found a shadowy altar of Dithmenos.
    81 | D        | Found a white marble altar of Elyvilon.
    81 | D        | Found a blossoming altar of Fedhas.
    81 | D        | Found an opulent altar of Gozag.
    81 | D        | Found a hazy altar of Hepliaklqana.
    82 | D        | Found a viscous altar of Jiyva.
    83 | D        | Found an ancient bone altar of Kikubaaqudgha.
    84 | D        | Found a corrupted altar of Lugonu.
    85 | D        | Found a burning altar of Makhleb.
    86 | D        | Found a sparkling altar of Nemelex Xobeh.
    87 | D        | Found an iron altar of Okawaru.
    88 | D        | Found a stormy altar of Qazlal.
    89 | D        | Found a sacrificial altar of Ru.
    90 | D        | Found a deep blue altar of Sif Muna.
    91 | D        | Found a bloodstained altar of Trog.
    92 | D        | Found a hide-covered altar of Uskayaw.
    93 | D        | Found a radiant altar of Vehumet.
    94 | D        | Found an ornate altar of the Wu Jian Council.
    95 | D        | Found a shimmering altar of Xom.
    96 | D        | Found a basalt altar of Yredelemnul.
    97 | D        | Found a glowing silver altar of Zin.
    98 | D        | Found a glowing golden altar of the Shining One.
   150 | D        | Noticed a centaur
   150 | D        | Noticed a sky beast
   151 | D        | Reached **** piety under Trog
   156 | D        | Killed a sky beast
   156 | D        | Reached skill level 10 in Long Blades
   156 | D        | Reached skill level 5 in Throwing
   156 | D        | Reached XP level 6. HP: 57/57 MP: 6/6
   160 | D        | Reached skill level 5 in Armour
   160 | D        | Reached skill level 5 in Dodging
   161 | D        | Received a gift from Trog
   161 | D        | Reached skill level 11 in Long Blades
   162 | D        | Reached skill level 1 in Stealth
   162 | D        | Reached XP level 7. HP: 64/64 MP: 7/7
   205 | D        | Noticed a two-headed ogre
   205 | D        | Noticed a basilisk
   206 | D        | Reached ***** piety under Trog
   212 | D        | Killed a basilisk
   217 | D        | Killed a two-headed ogre
   217 | D        | Received a gift from Trog
   217 | D        | Reached skill level 13 in Long Blades
   217 | D        | Reached XP level 8. HP: 75/75 MP: 8/8
   335 | D        | Noticed a yak
   335 | D        | Noticed a komodo dragon
   335 | D        | Noticed a spiny frog
   335 | D        | Noticed a rime drake
   336 | D        | Noticed a six-headed hydra
   343 | D        | Killed a rime drake
   343 | D        | Reached skill level 14 in Long Blades
   348 | D        | Killed a spiny frog
   348 | D        | Reached XP level 9. HP: 42/82 MP: 9/9
   364 | D        | Killed a komodo dragon
   364 | D        | Reached skill level 15 in Long Blades
   455 | D        | Killed a one-headed hydra
   455 | D        | Received a gift from Trog
   465 | D        | Reached skill level 16 in Long Blades
   477 | D        | Reached XP level 10. HP: 55/91 MP: 10/10
   603 | D        | Noticed a spiny frog
   604 | D        | Noticed a death yak
   609 | D        | Received a gift from Trog
   625 | D        | Killed a death yak
   625 | D        | Reached skill level 10 in Throwing
   655 | D        | Killed a spiny frog
   655 | D        | Reached skill level 10 in Armour
   955 | D        | Noticed an elephant
   955 | D        | Noticed a dire elephant
   955 | D        | Noticed an elephant
   955 | D        | Noticed an elephant
   955 | D        | Noticed an elephant
   955 | D        | Noticed a dire elephant
   955 | D        | Noticed an elephant
   956 | D        | Noticed a dire elephant
   994 | D        | Killed a dire elephant
   994 | D        | Received a gift from Trog
  1003 | D        | Killed a dire elephant
  1003 | D        | Received a gift from Trog
  1003 | D        | Reached skill level 17 in Long Blades
  1003 | D        | Reached skill level 1 in Evocations
  1009 | D        | Killed an elephant
  1009 | D        | Reached XP level 11. HP: 101/101 MP: 10/12
  1013 | D        | Received a gift from Trog
  1026 | D        | Killed a dire elephant
  1026 | D        | Reached skill level 15 in Fighting
  1026 | D        | Reached skill level 10 in Dodging
  1035 | D        | Received a gift from Trog
  1201 | D        | Received a gift from Trog
  1207 | D        | Received a gift from Trog
  1211 | D        | Reached ****** piety under Trog
  1222 | D        | Received a gift from Trog
  1227 | D        | Received a gift from Trog
  1231 | D        | Received a gift from Trog
  1282 | D        | Noticed an orc high priest
  1282 | D        | Noticed an orc knight
  1289 | D        | Killed an orc knight
  1289 | D        | Received a gift from Trog
  1295 | D        | Received a gift from Trog
  1303 | D        | Received a gift from Trog
  1305 | D        | Killed an orc high priest
  1305 | D        | Reached skill level 18 in Long Blades
  1306 | D        | Received a gift from Trog
  1519 | D        | Found Ragewk's Book Boutique.
  1519 | D        | Noticed an iron troll
  1519 | D        | Noticed a deep troll
  1519 | D        | Noticed an iron troll
  1527 | D        | Received a gift from Trog
  1528 | D        | Found Hetig's Distillery.
  1538 | D        | Killed an iron troll
  1538 | D        | Received a gift from Trog
  1539 | D        | Found Ducvi's General Store.
  1543 | D        | Killed an iron troll
  1544 | D        | Killed a deep troll
  1561 | D        | Noticed an ogre mage
  1562 | D        | Noticed an ogre mage
  1563 | D        | Found Gecuikigg's General Store.
  1572 | D        | Killed an ogre mage
  1572 | D        | Received a gift from Trog
  1572 | D        | Reached XP level 12. HP: 71/113 MP: 14/14
  1575 | D        | Noticed an iron troll
  1576 | D        | Killed an ogre mage
  1582 | D        | Received a gift from Trog
  1594 | D        | HP: 8/171 [iron troll (25)]
  1594 | D        | Slain by an iron troll

Skill      XL: |  1  2  3  4  5  6  7  8  9 10 11 12 |
---------------+-------------------------------------+-----
Fighting       | 5 6 7 8 9 11 12 14 16 17 | 17.3
Long Blades    | 5 7 8 10 11 13 14 16 17 18 | 18.9
Throwing       | 2 3 4 5 7 8 9 11 13 | 13.3
Armour         | 3 4 5 6 8 11 13 | 13.7
Dodging        | 3 4 5 7 8 9 10 11 | 11.1
Stealth        | 1 2 |  2.3
Evocations     | 1 2 3 |  3.1

Action                   |  1- 3 |  4- 6 |  7- 9 | 10-12 || total
-------------------------+-------+-------+-------+-------++-------
Melee: Falchion          |    17 |    23 |       |       ||    40
       Scimitar          |       |     8 |    59 |   167 ||   234
Throw: Javelin           |       |       |       |     4 ||     4
       Tomahawk          |       |       |       |     1 ||     1
Invok: Trog's Hand       |     1 |     1 |     5 |     8 ||    15
       Berserk           |     1 |     1 |     1 |     5 ||     8
       Brothers in Arms  |       |       |       |     4 ||     4
 Abil: Hop               |       |       |     1 |       ||     1
Evoke: Sack of spiders   |       |       |       |     4 ||     4
  Eat: Chunk             |       |       |     2 |    13 ||    15
Armor: Animal skin       |     5 |     4 |       |       ||     9
       Scale mail        |       |     2 |    14 |    48 ||    64
Dodge: Dodged            |     9 |    17 |    31 |    94 ||   151
       Rpst.: Falchion   |     4 |     2 |       |       ||     6
       Scimitar          |       |     2 |     8 |    24 ||    34
